AoeStats
← ✪Dynamic

Nomad

503135768Analyzed
4v4 RM · 1mo ago on Aug 30, 2026· 44m 39s· 8 players
Game mode
Random Map
Map size
231×231
Population
200
Speed
Normal
Resources
Standard
Victory
Conquest
Starting age
Dark Age
Ending age
Imperial Age
RankedLock teamsTeams togetherTeam positionsShared explorationLock speedFull tech treeHidden civsTurbo modeCheats
Victory
Defeat
🇹🇼 Shu · Taiwan
1358
+13
🇫🇷 Bulgarians · France
1356
+13
🇺🇸 Poles · United States
1346
+14
🇺🇦 Bengalis · Ukraine
1329
+15
🇮🇳 Magyars · India
1391
-18
🇹🇼 Dravidians · Taiwan
1306
-14
🇫🇷 Maya · France
1253
-12
🇦🇷 Lithuanians · Argentina
1253
-12
aka Frost1e
4:18 Loom
13:32 Feudal Age
14:24 Double-Bit Axe
15:24 Town Watch
16:33 Horse Collar
20:17 Castle Age
18:35 Gold Mining
21:25 Bow Saw
22:50 Fletching
24:00 Bloodlines
23:51 Husbandry
25:11 Bodkin Arrow
27:08 Padded Archer Armor
28:20 Wheelbarrow
34:41 Ballistics
45:55 Imperial Age
44:21 Hand Cart
44:08 Heavy Plow
44:53 Leather Archer Armor
A Mongolito
4:38 Loom
14:36 Feudal Age
15:15 Double-Bit Axe
19:17 Castle Age
20:24 Bloodlines
20:54 Bow Saw
20:55 Scale Barding Armor
21:01 Forging
21:45 Wheelbarrow
21:15 Husbandry
21:22 Horse Collar
22:43 Medium Warships
23:26 Chain Barding Armor
23:41 Iron Casting
24:28 Heavy Plow
24:26 Stone Mining
31:13 Imperial Age
29:19 Szlachta Privileges
31:41 Gold Mining
31:16 Cavalier
33:52 Blast Furnace
32:46 Light Cavalry
34:40 Conscription
35:09 Crop Rotation
35:05 Husbandry
36:35 Winged Hussar
38:34 Coinage
41:28 Hand Cart
The Good Guy
13:50 Feudal Age
17:51 Castle Age
15:39 Double-Bit Axe
16:16 Horse Collar
19:10 Bow Saw
20:36 Loom
21:55 Gold Mining
24:29 Forging
25:39 Scale Barding Armor
27:10 Heavy Plow
29:03 Bloodlines
28:53 Husbandry
30:50 Wheelbarrow
30:01 Town Watch
31:10 Iron Casting
37:47 Imperial Age
37:03 Chain Barding Armor
39:12 Hand Cart
43:59 Plate Barding Armor
ggsadpom,sdf
3:50 Loom
14:32 Feudal Age
18:14 Castle Age
16:04 Fishing Lines
17:15 Fletching
17:40 Double-Bit Axe
19:00 Bodkin Arrow
19:28 Crossbowman
20:09 Padded Archer Armor
22:59 Gold Mining
28:11 Town Watch
34:11 Wheelbarrow
38:47 Imperial Age
37:10 Ballistics
37:01 Thumb Ring
39:12 Arbalester
41:20 Bracer
43:46 Chemistry
44:19 Leather Archer Armor
KKUSH-PANIER
6:08 Loom
14:19 Feudal Age
15:05 Double-Bit Axe
18:52 Fishing Lines
19:45 Town Watch
22:05 Castle Age
19:58 Fletching
23:31 Medium Warships
25:27 Gillnets
25:50 Stone Mining
25:51 Gold Mining
26:58 Wheelbarrow
27:08 Bodkin Arrow
28:20 Bow Saw
29:58 Ballistics
30:07 Pikeman
33:28 Scale Mail Armor
33:39 Forging
37:03 Imperial Age
35:02 Chain Mail Armor
34:51 Squires
37:53 Onager
41:11 Conscription
41:53 Iron Casting
✪Dynamic
3:55 Loom
13:52 Feudal Age
18:58 Castle Age
17:44 Town Watch
18:24 Scale Barding Armor
18:53 Stone Mining
28:46 Chain Barding Armor
29:55 Double-Bit Axe
32:38 Wheelbarrow
32:07 Fletching
34:06 Hand Cart
35:56 Town Patrol
39:29 Imperial Age
37:10 Town Patrol
38:23 Bodkin Arrow
42:51 Plate Barding Armor
42:30 Husbandry
42:40 Bloodlines
42:43 Pikeman
ju@mpi
7:12 Loom
13:57 Feudal Age
14:54 Double-Bit Axe
18:45 Castle Age
17:20 Stone Mining
17:36 Gold Mining
20:03 Wheelbarrow
22:26 Stone Shaft Mining
23:31 Fishing Lines
24:48 Fletching
24:42 Horse Collar
26:42 Heavy Plow
34:02 Forging
33:58 Scale Barding Armor
37:28 Imperial Age
36:14 Bloodlines
36:05 Husbandry
37:36 Cavalier
39:15 Fortified Wall
43:13 Iron Casting
42:39 Scale Mail Armor
43:17 Pikeman
43:57 Squires
poppypon
4:26 Loom
15:40 Feudal Age
16:41 Double-Bit Axe
16:58 Gold Mining
21:18 Castle Age
19:55 Fletching
22:43 Bow Saw
23:23 Stone Mining
32:32 Bodkin Arrow
34:04 Murder Holes
36:58 Wheelbarrow
40:08 Ballistics
47:08 Imperial Age
Connection lost

Rejoining the realm…

Still unreachable

The connection could not be restored.

Session expired

The server has moved on; the page needs a fresh start.